 Dungeon Crawl Stone Soup version 0.14-a0-2604-g6f603d6 (webtiles) character file.

7584 4tharraofdagon the Carver (level 10, -10/91 HPs)
             Began as a Djinni Fighter on Feb 13, 2014.
             Was a Believer of Zin.
             Mangled by a boulder beetle (24 damage)
             ... on Level 4 of the Lair of Beasts.
             The game lasted 00:43:40 (6351 turns).

4tharraofdagon the Carver (Djinni Fighter)          Turns: 6351, Time: 00:43:41

HP -10/91        AC 22     Str 20      XL: 10   Next: 87%
MP   0/0         EV  6     Int  7      God: Zin [**....]
Gold 363         SH 20     Dex 20      Spells:  0 memorised, 13 levels left

rFire  + + +     SeeInvis .     L - +1,+0 falchion (protect)
rCold  x . .     Clarity  .     D - +0 orc plate armour
rNeg   + + +     Conserve .     c - +0 shield
rPois  +         rCorr    .     (no helmet)
rElec  .         rRot     .     (no cloak)
SustAb . .       Spirit   .     O - +2 pair of fencer's gloves {EV+3 Dex+3 Acc+8}
rMut   .         Warding  .     (boots unavailable)
Saprov . . .     Stasis   .     (no amulet)
MR     .....                    u - ring of magical power
                                U - ring of wizardry

@: about to teleport, vitalised, flying, not resistant to hostile enchantments,
extremely unstealthy
A: fire immunity, cold vulnerability, agile 1, dopey 1, frail 1, life protection
3
a: Recite, Vitalisation, Renounce Religion


You were on level 4 of the Lair of Beasts.
You worshipped Zin.
Zin was pleased with you.
You were not hungry.

You visited 3 branches of the dungeon, and saw 17 of its levels.
You also visited: Labyrinth and Volcano.

You collected 403 gold pieces.
You donated 40 gold pieces.

Inventory:

Hand weapons
 a - a +0,+0 falchion
 g - a -1,+0 orcish short sword
 p - a +1,+0 long sword
 q - a cursed -3,+1 orcish short sword
 s - a +0,-1 long sword
 L - a +1,+0 falchion of protection (weapon)
Missiles
 y - 26 darts (quivered)
Armour
 c - a +0 shield (worn)
 A - a troll hide
 D - a +0 orcish plate armour (worn)
 O - the +2 pair of fencer's gloves (worn) {EV+3 Dex+3 Acc+8}
   (You found it in a labyrinth)

   It affects your evasion (+3).
   It affects your dexterity (+3).
   It affects your accuracy with ranged weapons and melee attacks (+8).
Magical devices
 e - a wand of slowing (2)
 i - a wand of paralysis (0)
 o - a wand of slowing (13)
 r - a wand of magic darts (4)
 t - a wand of fire (0)
 v - a wand of cold (3)
 w - a wand of teleportation (3)
 z - a wand of disintegration (0)
 E - a wand of frost (1)
 G - a wand of disintegration (8)
 I - a wand of lightning (0)
 J - a wand of flame (15)
 P - a wand of digging (13)
 Q - a wand of cold (2)
 R - a wand of cold (1)
Scrolls
 f - a scroll of curse weapon
 h - 2 scrolls of magic mapping
 F - a scroll of enchant weapon II
 N - a scroll of identify
 S - a scroll of torment
Jewellery
 m - an uncursed ring of sustenance
 u - a ring of magical power (right hand)
 H - a cursed amulet of stasis
 U - a ring of wizardry (left hand)
Potions
 b - 2 potions of heal wounds
 l - a potion of restore abilities
 B - a potion of berserk rage
 M - 2 potions of poison
 V - a potion of invisibility
Books
 d - a book of Changes

   Spells                             Type                      Level
   Beastly Appendage                  Transmutation                1
   Sticks to Snakes                   Transmutation                2
   Spider Form                        Transmutation/Poison         3
   Ice Form                           Ice/Transmutation            4
   Blade Hands                        Transmutation                5
   Zin disapproves of the use of such an item.
 j - a book of Spatial Translocations

   Spells                             Type                      Level
   Apportation                        Translocation                1
   Blink                              Translocation                2
   Shroud of Golubria                 Charms/Translocation         2
   Portal Projectile                  Translocation                3
   Teleport Other                     Translocation                3
   Passage of Golubria                Translocation                4
 C - a book of Dreams

   Spells                             Type                      Level
   Ensorcelled Hibernation            Hexes/Ice                    2
   Flight                             Charms/Air                   3
   Phase Shift                        Translocation                5
   Shadow Creatures                   Summoning                    5
   Mass Confusion                     Hexes                        6
   Darkness                           Hexes                        7
Miscellaneous
 K - a legendary deck of destruction {Frost}
 W - a plain deck of dungeons {Vitrification}
Rods
 x - a +2 rod of striking (13/13)
   (You took it off a minotaur in a labyrinth)


   Skills:
 + Level 6.7 Fighting
 * Level 9.8 Long Blades
 + Level 8.3 Armour
 + Level 6.5 Dodging
 - Level 3.0 Shields
 + Level 2.1 Spellcasting
 + Level 7.4 Evocations


You had 13 spell levels left.
You didn't know any spells.

Dungeon Overview and Level Annotations

Branches:
Dungeon (12/16)            Temple (1/1) D:5             Orc (0/4) D:9
   Lair (4/8) D:8
  Swamp: Lair:3-6    Shoals: Lair:3-6     Snake: Lair:3-6    Spider: Lair:3-6

Altars:
Ashenzari
Dithmenos
Elyvilon
Fedhas
Kikubaaqudgha
Makhleb
Nemelex Xobeh
Okawaru
Sif Muna
Trog
Xom
Yredelemnul
Zin
The Shining One

Shops:
D:8 %

Annotations:
D:12 exclusion: oklob plant


Innate Abilities, Weirdness & Mutations

You are immune to all types of fire, even holy and hellish.
You are vulnerable to cold.
You need no food.
You have no legs.
You are immune to negative energy.
You are agile. (Dex +2)
You are dopey. (Int -2)
You are frail (-10% HP).


Message History

You kill the crocodile!
The giant gecko barely misses you.
Read which item? (? for menu, Esc to quit)
Okay, then.
Read which item? (? for menu, Esc to quit)
Charge which item? (? for menu, Esc to quit)
As you read the scroll of recharging, it crumbles to dust.
Your wand of teleportation (0) glows for a moment and now has 4 charges.
The boulder beetle smashes into the giant gecko!
The giant gecko dies!
The green rat bites you.
Evoke which item? (* to show all) (? for menu, Esc to quit)
Zapping:
w - a wand of teleportation (4)
Press: ? - help, Shift-Dir - straight line, f - you You feel strangely unstable.
This wand has 3 charges left.
The boulder beetle smashes into you!
* * * LOW HITPOINT WARNING * * *
The boulder beetle stops rolling.
The green rat closely misses you. The boulder beetle bites you!
You die...

#. . ... ...
##..#. ....
##...... .....
##r.....#
......l##r#ยงยง.##
.....$.+@Br....#
.......f##r#..##
....... ##..P#
.##...# ##.## ####
##.# #..# ### #
##.#'##..#..f#
#...........#
#...>.......#


You could see a boulder beetle and 4 green rats.

Vanquished Creatures
  A minotaur (Lab)
  A hill giant (D:11)
  An elephant (Lair:3)
  A troll (D:9)
  A fire drake (Lair:3)
  A basilisk (Lair:2)
  4 yaks (D:10)
  A shark (Lair:1)
  7 wolves
  A fire bat (Volcano)
  A porcupine (Lair:3)
  A necrophage (D:11)
  2 orc warriors
  3 centaurs
  A phantom (D:9)
  4 crocodiles
  2 water moccasins (Lair:3)
  8 giant frogs
  3 killer bees (D:7)
  4 crimson imps
  A yellow wasp zombie (D:7)
  2 jellies (D:7)
  4 hounds
  A quasit (D:9)
  5 iguanas
  4 orc priests
  A basilisk skeleton (D:10)
  2 orc wizards
  2 worker ants
  3 scorpions
  6 sheep (Lair:2)
  Ijyb (D:7)
  3 ogre zombies (D:9)
  9 adders
  A steam dragon zombie (D:9)
  A giant centipede (Lair:3)
  A giant mite (D:3)
  A worm (D:10)
  An orc skeleton (D:6)
  A giant eyeball (D:5)
  2 giant geckos
  21 orcs
  A ball python (D:4)
  6 bats
  3 giant cockroaches
  4 goblins
  10 hobgoblins
  7 jackals
  4 kobolds
  4 quokkas
  A giant newt (D:4)
  A goblin skeleton (D:9)
  2 hobgoblin skeletons (D:9)
  A hobgoblin zombie (D:9)
  A jackal skeleton (D:7)
  7 orc zombies (D:9)
  6 rats
  A rat skeleton (D:5)
180 creatures vanquished.

Vanquished Creatures (collateral kills)
  The ghost of ThorGoll the Thaumaturge, a powerful HEIE (D:10)
1 creature vanquished.

Vanquished Creatures (others)
  A giant gecko (Lair:4)
  An orc (D:10)
2 creatures vanquished.

Grand Total: 183 creatures vanquished

Notes
Turn   | Place    | Note
--------------------------------------------------------------
     0 | D:1      | 4tharraofdagon, the Djinni Fighter, began the quest for the Orb.
     0 | D:1      | Reached XP level 1. HP: 16/16 MP: 0/0
   260 | D:2      | Reached XP level 2. EP: 16/22
   353 | D:3      | Reached skill level 1 in Dodging
   458 | D:3      | Reached XP level 3. EP: 25/28
   565 | D:4      | Noticed an ogre
   614 | D:5      | Entered Level 5 of the Dungeon
   622 | D:5      | Noticed a sky beast
   662 | D:6      | Noticed an orc warrior
   696 | D:4      | D:
   858 | D:5      | Paralysed by a giant eyeball for 4 turns
   865 | D:5      | Paralysed by a giant eyeball for 2 turns
   945 | D:5      | Found a staircase to the Ecumenical Temple.
   952 | Temple   | Entered the Ecumenical Temple
  1045 | Temple   | Became a worshipper of Zin the Law-Giver
  1127 | D:6      | Noticed a giant frog
  1132 | D:6      | Noticed a troll
  1155 | D:5      | Reached XP level 4. EP: 31/34
  1346 | D:7      | Acquired Zin's first power
  1406 | D:7      | Reached skill level 4 in Armour
  1406 | D:7      | Reached XP level 5. EP: 41/41
  1427 | D:7      | Noticed Ijyb
  1473 | D:8      | Noticed an orc warrior
  1474 | D:8      | :D
  1479 | D:8      | Found Naevvaept's Food Shoppe.
  1503 | D:8      | Noticed a centaur
  1526 | D:8      | Killed a centaur
  1588 | D:10     | Entered Level 10 of the Dungeon
  1596 | D:10     | Noticed a troll
  1651 | D:9      | Noticed a hill giant zombie
  1769 | D:10     | Noticed a hippogriff
  1956 | D:9      | Gained mutation: You are agile. (Dex +2) [potion of mutation]
  1956 | D:9      | Gained mutation: You are dopey. (Int -2) [potion of mutation]
  1956 | D:9      | Gained mutation: You are frail (-10% HP). [potion of mutation]
  1983 | D:9      | Reached XP level 6. EP: 41/43
  2002 | D:9      | Reached skill level 1 in Evocations
  2243 | D:7      | Noticed a giant goldfish
  2267 | D:7      | Reached skill level 5 in Long Blades
  2267 | D:7      | Reached XP level 7. EP: 51/51
  2480 | D:7      | Reached skill level 5 in Armour
  2483 | D:7      | Killed Ijyb
  2580 | D:9      | Noticed a troll
  2587 | D:9      | Killed a troll
  2587 | D:9      | Reached skill level 6 in Long Blades
  2587 | D:9      | Reached XP level 8. EP: 59/60
  2657 | D:9      | Found a staircase to the Orcish Mines.
  2657 | D:9      | Noticed a phantom
  2658 | D:9      | Noticed a phantom
  2658 | D:9      | Noticed a hungry ghost
  3017 | D:10     | Noticed a yak
  3018 | D:10     | Noticed a yak
  3019 | D:10     | Noticed a yak
  3049 | D:10     | Killed a yak
  3050 | D:10     | Noticed a yak
  3054 | D:10     | Killed a yak
  3063 | D:10     | Killed a yak
  3063 | D:10     | Reached skill level 7 in Long Blades
  3076 | D:10     | Killed a yak
  3221 | D:11     | Reached XP level 9. EP: 65/70
  3233 | D:11     | Acquired Zin's second power
  3239 | D:11     | Found a white marble altar of Elyvilon.
  3240 | D:11     | Noticed a hill giant
  3257 | D:11     | Killed a hill giant
  3257 | D:11     | Reached skill level 5 in Fighting
  3257 | D:11     | Reached skill level 5 in Evocations
  3387 | D:12     | Noticed an oklob plant
  3400 | D:12     | Noticed a hill giant
  3450 | D:12     | Noticed a hill giant
  3454 | D:12     | HP: 3/79 [hill giant/giant club (15)]
  3662 | D:10     | Noticed ThorGoll's ghost (powerful HEIE)
  3676 | D:10     | Killed ThorGoll's ghost
  3676 | D:10     | Reached skill level 8 in Long Blades
  3707 | D:11     | Reached skill level 5 in Dodging
  3852 | D:9      | Killed a phantom
  3904 | D:8      | Found a staircase to the Lair.
  3909 | D:8      | Noticed a centaur
  3920 | D:8      | Killed a centaur
  4031 | D:7      | Found a white marble altar of Elyvilon.
  4032 | D:7      | Found an ancient bone altar of Kikubaaqudgha.
  4046 | D:7      | Noticed an orc warrior
  4097 | D:6      | Killed an orc warrior
  4104 | D:6      | Noticed a giant frog
  4118 | D:6      | Killed a giant frog
  4407 | D:8      | Killed an orc warrior
  4577 | Lair:1   | Entered Level 1 of the Lair of Beasts
  4616 | Lair:1   | Reached XP level 10. EP: 21/80
  4645 | Lair:1   | Noticed a black mamba
  4920 | Lair:1   | Noticed a black mamba
  5173 | Lair:3   | Reached skill level 9 in Long Blades
  5280 | Lair:3   | Found a dark tunnel.
  5306 | Volcano  | Entered a volcano
  5354 | Volcano  | Noticed a firespitter statue
  5355 | Volcano  | Found a glowing golden altar of the Shining One.
  5355 | Volcano  | Noticed a hell knight
  5412 | Lair:3   | Found a labyrinth entrance.
  5420 | Lab      | Entered a labyrinth
  5842 | Lab      | Noticed a minotaur
  5851 | Lab      | Killed a minotaur
  5871 | Lab      | Identified a +2 rod of striking (10/13) (You took it off a minotaur in a labyrinth)
  6072 | Lair:3   | Noticed an elephant
  6122 | Lair:3   | Killed an elephant
  6129 | Lair:3   | Reached skill level 1 in Spellcasting
  6351 | Lair:4   | Mangled by a boulder beetle

Action                   |  1- 3 |  4- 6 |  7- 9 | 10-12 || total
-------------------------+-------+-------+-------+-------++-------
Melee: Falchion          |   137 |   139 |       |   178 ||   454
       Long sword        |       |    59 |   490 |    70 ||   619
Invok: Vitalisation      |       |       |     3 |     5 ||     8
Evoke: Wand              |       |    15 |    29 |    22 ||    66
  Use: Potion            |     1 |     7 |     4 |     2 ||    14
       Scroll            |     3 |     4 |    11 |    14 ||    32
 Stab: Paralysed         |       |     8 |    28 |       ||    36
